 Dungeon Crawl Stone Soup version 0.28-a0-20-gdd470a43dd (webtiles) character file.

Game seed: 14046354691216729757

872 Conn the Firebug (level 8, -1/48 HPs)
             Began as an Octopode Fire Elementalist on July 26, 2021.
             Slain by a troll (13 damage)
             ... on level 5 of the Dungeon.
             The game lasted 00:15:17 (5506 turns).

Conn the Firebug (Octopode Fire Elementalist)       Turns: 5506, Time: 00:15:18

Health: -1/48      AC:  1    Str: 11    XL:     8   Next: 4%
Magic:  0/14       EV: 13    Int: 20    God:
Gold:   101        SH:  0    Dex: 12    Spells: 4/15 levels left

rFire   . . .      SeeInvis .   n - +8 mace of the Shouting Shrike {speed, *Rage +Blink rN+++ Str+4}
rCold   . . .      Faith    .   (no shield)
rNeg    + + +      Spirit   +   (helmet restricted)
rPois   .          Reflect  .   i - amulet of guardian spirit
rElec   .          Harm     .   (no ring)
rCorr   .          Rampage  .   (no ring)
Will    .....      Rnd*Rage +   (no ring)
Stlth   +++.......              (no ring)
HPRegen 0.16/turn               (no ring)
MPRegen 0.14/turn               (no ring)
                                (no ring)
                                (no ring)

@: confused, ambrosia-drunk
A: almost no armour, amphibious, 8 rings, camouflage 1, gelatinous body 1,
nimble swimmer 1, tentacles
a: Evoke Blink


You were on level 5 of the Dungeon.
You visited 1 branch of the dungeon, and saw 5 of its levels.
You also visited: Sewer.

You collected 101 gold pieces.

Inventory:

Hand Weapons
 a - a +0 short sword
 e - a +1 mace of draining
 n - the +8 mace of the Shouting Shrike (weapon) {speed, *Rage +Blink rN+++ Str+4}
   (You found it in a sewer)

   Attacks with this weapon are significantly faster.
   Str:       It affects your strength (+4).
   rN:        It renders you almost immune to negative energy.
   +Blink:    It lets you blink.
   *Rage:     It may make you go berserk in combat.
Jewellery
 i - an amulet of guardian spirit (around mantle)
 l - an amulet of faith
Wands
 d - a wand of charming (9)
Scrolls
 g - a scroll of teleportation
 k - a scroll of enchant weapon {unknown}
 m - a scroll of amnesia {unknown}
 o - a scroll of noise {unknown}
 q - a scroll of fog {unknown}
 w - a scroll of immolation {unknown}
 x - a scroll of identify
Potions
 b - a potion of attraction
 c - 2 potions of degeneration
 h - a potion of curing
 j - a potion of flight
 p - a potion of might {unknown}
 r - a potion of mutation {unknown}
 s - a potion of invisibility
 t - 3 potions of magic {unknown}
 u - a potion of resistance
 v - a potion of cancellation {unknown}


   Skills:
 + Level 1.6 Fighting
 + Level 1.1 Short Blades
 + Level 1.1 Maces & Flails
 + Level 2.9 Dodging
 + Level 4.5 Stealth
 + Level 4.4 Spellcasting
 + Level 4.0 Conjurations
 + Level 5.4 Fire Magic


You had 4 spell levels left.
You knew the following spells:

 Your Spells              Type           Power      Damage    Failure   Level
a - Foxfire               Conj/Fire      92%        2x1d8     1%          1
b - Conjure Flame         Conj/Fire      23%        6-21      5%          3
c - Inner Flame           Hex/Fire       15%        N/A       12%         3
d - Sticky Flame          Conj/Fire      23%        2d4       17%         4

Your spell library contained the following spells:

 Spells                   Type           Power      Damage    Failure   Level
 Summon Small Mammal      Summ           16%        N/A       12%         1
 Call Canine Familiar     Summ           4%         N/A       36%         3
 Gell's Gravitas          Tloc           2%         N/A       36%         3
 Lesser Beckoning         Tloc           2%         N/A       36%         3
 Summon Guardian Golem    Hex/Summ       4%         N/A       36%         3
 Teleport Other           Tloc           4%         N/A       36%         3
 Fireball                 Conj/Fire      11%        3d7       43%         5


Dungeon Overview and Level Annotations

Branches:
Dungeon (6/15)              Sewer (visited)
 Temple: D:4-7

Altars:
Qazlal
Uskayaw


Innate Abilities, Weirdness & Mutations

You cannot wear most types of armour.
You are amphibious.
You can wear up to eight rings at the same time.
Your skin changes colour to match your surroundings (Stealth+).
Your rubbery body absorbs attacks. (AC +1, EV +1)
You are camouflaged near water. (Stealth+)
You have tentacles for arms and can constrict up to eight enemies at once.


Message History

The foxfire hits the troll.
The troll is moderately wounded.
The foxfire hits the troll.
The troll is moderately wounded.
The troll is engulfed in a cloud of scalding steam.
The troll barely misses you. The troll closely misses you. x2
Unknown command.
Casting: Foxfire (safe; 1% risk of failure)
Confirm with . or Enter, or press ? or * to list all spells.
You conjure some foxfire!
The troll misses you. The troll claws you!
* * * LOW HITPOINT WARNING * * *
The troll closely misses you.
The foxfire hits the troll.
The troll is severely wounded.
The foxfire hits the troll.
The troll is severely wounded.
The troll is engulfed in a cloud of scalding steam.
The troll misses you. The troll claws you.
* * * LOW HITPOINT WARNING * * *
The troll barely misses you.
Aiming: Charm
Press: ? - help, Shift-Dir - straight line, f/p - troll
Aim: a troll (steam, severely wounded, chance to affect: 46%)
Okay, then.
Okay, then.
You hit the troll.
The troll is severely wounded.
Okay, then.
Okay, then.
Aiming: Charm
Press: ? - help, Shift-Dir - straight line, f/p - troll
Aim: a troll (steam, severely wounded, chance to affect: 46%)
Okay, then.
Unknown command.
You are confused.
You feel invigorated.
The troll is engulfed in a cloud of scalding steam.
The troll closely misses you. x2; The troll completely misses you.
You bump into the metal wall.
The troll bites you!!
You die...

#########.# #......... #.##
#...###### .. #..# #...# ># .#
####.###...# .# #..........#
.#### #..........# ....#
##########.....# ....#
#≈#≈.#≈###.##.## ....#
#≈#≈##@≈≈#.##..# ....#
#≈#≈##T#≈#.##..# .._ ..e.#
#≈#≈≈#≈#≈#.##..# ..# ....#
#≈##≈#≈#≈#o.#..# ..8#
....#######≈≈≈≈#)#≈##.#.## #_##
).....)...####≈#)#≈##...#########
#########.#≈≈T≈≈≈#≈###..#........
#.#≈########....#........
#.#≈≈T≈≈o≈≈≈.##>.........


You could see a troll.

Vanquished Creatures
  Edmund (D:5)
  Duvessa (D:5)
  An ice beast (D:3)
  A scorpion (D:6)
  Dowan (D:5)
  A water moccasin zombie (D:5)
  A centaur zombie (D:5)
  3 hounds (D:5)
  An iguana (D:6)
  An orc wizard (D:5)
  7 adders
  2 river rats (D:5)
  2 ufetubi (D:6)
  4 worms
  A dart slug (D:1)
  4 orcs
  12 endoplasms
  5 giant cockroaches
  5 goblins
  7 hobgoblins
  12 jackals
  A quokka (D:3)
  8 ball pythons
  11 bats
  9 frilled lizards
  20 kobolds
  A quokka skeleton (D:2)
  14 rats
137 creatures vanquished.

Vanquished Creatures (collateral kills)
  2 foxfires
2 creatures vanquished.

Vanquished Creatures (others)
  424 foxfires
  2 fungi
  2 plants
428 creatures vanquished.

Grand Total: 567 creatures vanquished

Notes
Turn   | Place    | Note
-------+----------+-------------------------------------------
     0 | D:1      | Conn the Octopode Fire Elementalist began the quest for the
                  | Orb.
     0 | D:1      | Reached XP level 1. HP: 11/11 MP: 3/3
   140 | D:1      | Reached XP level 2. HP: 17/17 MP: 0/5
   522 | D:1      | Reached XP level 3. HP: 21/21 MP: 1/6
  1570 | D:2      | Reached skill level 4 in Fire Magic
  1570 | D:2      | Reached XP level 4. HP: 26/27 MP: 0/7
  2111 | D:2      | Found a faded altar of an unknown god.
  2547 | D:3      | Reached XP level 5. HP: 31/31 MP: 4/9
  2871 | D:3      | Learned a level 3 spell: Conjure Flame
  2875 | D:3      | Learned a level 3 spell: Inner Flame
  2903 | D:3      | Noticed an ice beast
  2922 | D:3      | Killed an ice beast
  3057 | D:3      | Reached XP level 6. HP: 37/37 MP: 7/10
  3389 | D:3      | You fall into a shaft and drop 3 floors!
  3631 | D:5      | Entered Level 5 of the Dungeon
  3631 | D:5      | Found a stormy altar of Qazlal.
  3734 | D:5      | Found a hide-covered altar of Uskayaw.
  3844 | D:5      | Found a glowing drain.
  3849 | Sewer    | Entered a sewer
  4044 | Sewer    | Learned a level 4 spell: Sticky Flame
  4139 | Sewer    | Reached skill level 1 in Short Blades
  4260 | Sewer    | Identified the +8 mace of the Shouting Shrike {speed, *Rage
                  | +Blink rN+++ Str+4}
  4577 | D:5      | Reached skill level 1 in Fighting
  4796 | D:5      | Noticed Edmund
  4829 | D:5      | Killed Edmund
  4830 | D:5      | Reached XP level 7. HP: 27/43 MP: 0/12
  5100 | D:5      | Noticed Duvessa
  5103 | D:5      | Reached skill level 5 in Fire Magic
  5134 | D:5      | Noticed Dowan
  5181 | D:5      | Killed Duvessa
  5182 | D:5      | Reached skill level 1 in Maces & Flails
  5264 | D:5      | Killed Dowan
  5442 | D:5      | Noticed a troll
  5455 | D:5      | Reached XP level 8. HP: 42/48 MP: 6/14
  5506 | D:5      | Slain by a troll

Illustrated notes

Levels and vault maps discovered:
D:1:      dpeg_arrival_line_fractal, layout_basic, st_stairs_9,
          minmay_surrounded
D:2:      minmay_chambers_of_twos, layout_rooms,
          shapermc_ecumenical_altar_acropolis
D:3:      layout_basic, st_stairs_10
D:5:      layout_basic, nicolae_overflow_hidden_temple,
          lemuel_temple_firewalk_a, lightli_sewer_entry_pipes,
          corexii_item_surrounded_by_moat, kennysheep_generic_room_2,
          uniq_eustachio, uniq_crazy_yiuf_cottage, uniq_edmund, uniq_duvessa
D:6:      layout_basic, elyvilon_altar_3, tso_altar

Skill      XL: |  1  2  3  4  5  6  7  8 |
---------------+-------------------------+-----
Stealth        | 3 4 |  4.5
Fire Magic     | 4 5 |  5.4
Conjurations   | 2 3 4 |  4.0
Spellcasting   | 3 4 |  4.4
Short Blades   | 1 |  1.1
Fighting       | 1 |  1.6
Maces & Flails | 1 |  1.1
Dodging        | |  2.9

Action                   |  1- 3 |  4- 6 |  7- 9 || total
-------------------------+-------+-------+-------++-------
Melee: Short sword       |     7 |    17 |       ||    24
       Constrict         |     1 |     5 |     1 ||     7
       Mace              |       |    13 |     8 ||    21
       Tentacles         |       |     3 |     1 ||     4
 Cast: Foxfire           |    72 |   147 |    35 ||   254
       Sticky Flame      |       |     2 |     1 ||     3
       Conjure Flame     |       |     1 |     2 ||     3
  Use: Scroll            |       |     5 |       ||     5
       Potion            |       |       |     3 ||     3
 Stab: Sleeping          |     2 |     7 |       ||     9
Armor: Skin              |     3 |     8 |       ||    11
Dodge: Dodged            |    13 |    31 |    35 ||    79

Table legend: (Time is in decaauts)
 A = Elapsed time spent in this place.
 B = Non-inter-level travel time spent in this place.
 C = Inter-level travel time spent in this place.
 D = Time resting spent in this place.
 E = Time spent auto-exploring this place.
 F = Levels seen in this place.
 G = Mean time per level.
                   A        B        C        D        E       F      G
               +--------+--------+--------+--------+--------+-----+--------+
         Total |   5505 |   5457 |     48 |    771 |   3229 |   6 |  917.5 |
       Dungeon |   4809 |   4761 |     48 |    562 |   2990 |   5 |  961.8 |
         Sewer |    695 |    695 |      0 |    209 |    239 |   1 |  695.0 |
               +--------+--------+--------+--------+--------+-----+--------+

Top non-repeatable levels by time:
     D:1: 1497 daAuts
     D:5: 1177 daAuts
     D:2: 990 daAuts
     D:3: 902 daAuts
   Sewer: 695 daAuts
     D:6: 241 daAuts
